 Dungeon Crawl Stone Soup version 0.18-a0-1666-g3ea6f2b (webtiles) character file.

1542165 mrath the Shatterer (level 27, 184/232 HPs)
             Began as a Minotaur Fighter on Mar 25, 2016.
             Was a High Priest of Okawaru.
             Escaped with the Orb
             ... and 3 runes on Mar 31, 2016!
             The game lasted 1 day 00:05:59 (103323 turns).

mrath the Shatterer (Minotaur Fighter)        Turns: 103323, Time: 1 , 00:05:59

Health: 184/232    AC: 42    Str: 28      XL:     27
Magic:  35/35      EV: 29    Int:  8      God:    Okawaru [*****.]
Gold:   3867       SH: 27    Dex: 31 (32) Spells: 1 memorised, 32 levels left

rFire  + + +     SeeInvis +     c - +8 flail of Distant Worlds {flame, MR+ Int+3}
rCold  + + .     Gourm    .     D - +5 gold dragon armour
rNeg   + . .     Faith    .     Y - +0 large shield
rPois  +         Spirit   .     z - +2 hat
rElec  .         Dismiss  .     Z - +2 cloak {rC+}
rCorr  .         Reflect  .     q - +2 pair of fencer's gloves {LBl+4 SBl+4 EV+3 Dex+6}
SustAt .         Harm     .     B - +1 pair of boots {Stlth+}
MR     +++++                    H - amulet of Spring {+Rage rPois Int+2 Dex+2}
Stlth  ..........               l - ring of Zacudell {rF+ rN+ Str+2 SInv}
                                j - ring "Pianun" {*Contam rF+ MR++ Dex+4}

@: drained, almost entirely resistant to hostile enchantments, extremely
unstealthy
A: retaliatory headbutt, hooves 1, horns 2, agile 1, blink, deterioration 1,
dopey 1, frail 1, screaming 2
a: Blink, Heroism, Finesse, Renounce Religion, Evoke Berserk Rage
0: Orb of Zot
}: 3/15 runes: decaying, silver, gossamer


You escaped.
You worshipped Okawaru.
Okawaru was extremely pleased with you.
You were not hungry.

You visited 12 branches of the dungeon, and saw 56 of its levels.
You also visited: Labyrinth, Ossuary and Ice Cave.

You collected 7808 gold pieces.
You spent 3941 gold pieces at shops.

Inventory:

Hand Weapons
 c - the +8 flail of Distant Worlds (weapon) {flame, MR+ Int+3}
   (Okawaru gifted it to you on level 4 of the Swamp)

   It has been specially enchanted to burn those struck by it, causing extra
   injury to most foes and up to half again as much damage against particularly
   susceptible opponents.
   It affects your intelligence (+3).
   It affects your resistance to hostile enchantments.
 o - the +1 eveningstar "Brilliance" {holy, rN+ AC+5 Int+5}
   (You took it off a necromancer on level 5 of the Vaults)

   It has been blessed by the Shining One to cause great damage to the undead
   and demons.
   It affects your AC (+5).
   It affects your intelligence (+5).
   It protects you from negative energy.
 Q - a +9 demon whip of freezing
Missiles
 v - 20 silver javelins (quivered)
 I - 5 javelins of returning
Armour
 q - the +2 pair of fencer's gloves (worn) {LBl+4 SBl+4 EV+3 Dex+6}
   (You found it on level 5 of the Lair of Beasts)

   It affects your evasion (+3).
   It affects your dexterity (+6).
 z - a +2 hat (worn)
 A - a +0 shield of reflection
 B - a +1 pair of boots of stealth (worn)
 D - a +5 gold dragon armour (worn)
 Y - a +0 large shield (worn)
 Z - a +2 cloak of cold resistance (worn)
Rods
 f - a +6 rod of ignition (14/14)
   (You took it off a deep elf death mage on level 2 of the Elven Halls)
 y - a +3 iron rod (14/14)
   (You took it off a spriggan on level 3 of the Swamp)
 G - a +1 lightning rod (11/11)
   (You took it off a deep elf annihilator on level 3 of the Elven Halls)
 P - a +4 rod of clouds (9/9)
   (You found it in a labyrinth)
Jewellery
 j - the ring "Pianun" (left hand) {*Contam rF+ MR++ Dex+4}
   (You took it off a necromancer on level 5 of the Vaults)

   [ring of dexterity]

   It affects your dexterity (+4).
   It protects you from fire.
   It affects your resistance to hostile enchantments.
   It causes magical contamination when unequipped.
 l - the ring of Zacudell (right hand) {rF+ rN+ Str+2 SInv}
   (You found it on level 5 of the Vaults)

   [ring of protection from fire]

   It affects your strength (+2).
   It protects you from fire.
   It protects you from negative energy.
   It lets you see invisible.
 H - the amulet of Spring (around neck) {+Rage rPois Int+2 Dex+2}
   (You found it in a labyrinth)

   [amulet of rage]

   It affects your intelligence (+2).
   It affects your dexterity (+2).
   It protects you from poison.
   It lets you go berserk.
 V - the ring of Desmuk {rElec rPois rF+ MR++ Slay-4}
   (You found it on level 2 of the Realm of Zot)

   [ring of protection from fire]

   It affects your accuracy and damage with ranged weapons and melee attacks
   (-4).
   It protects you from fire.
   It insulates you from electricity.
   It protects you from poison.
   It affects your resistance to hostile enchantments.
Wands
 a - a wand of heal wounds (6/9)
 g - a wand of iceblast (7/15)
 r - a wand of digging (8/24)
 s - a wand of disintegration (11/24)
 E - a wand of hasting (9/9)
 J - a wand of teleportation (2/9)
 K - a wand of lightning (8/15)
Scrolls
 e - 4 scrolls of identify
 m - 16 scrolls of fog
 n - 20 scrolls of remove curse
 t - 21 scrolls of teleportation
 R - 4 scrolls of recharging
 T - 4 scrolls of silence
 U - 6 scrolls of summoning
 W - 9 scrolls of blinking
Potions
 d - 8 potions of flight
 h - 4 potions of cure mutation
 k - a potion of resistance
 p - 4 potions of heal wounds
 M - a potion of brilliance
 O - 15 potions of curing
Miscellaneous
 i - a fan of gales
 w - a phantom mirror
 C - a legendary deck of summoning {the Elements}
 F - a lamp of fire
 N - a box of beasts
 S - a phial of floods
Comestibles
 u - 37 bread rations
 x - 18 meat rations
 L - 39 fruits


   Skills:
 + Level 23.2(22.9) Fighting
 + Level 23.7(23.4) Maces & Flails
   Level 4.5(13.8) Slings
 - Level 18.4(18.3) Throwing
 + Level 23.0(22.7) Armour
 + Level 21.1(20.8) Dodging
 + Level 22.9(22.6) Shields
 - Level 3.9(3.7) Spellcasting
 - Level 10.0(9.8) Invocations
 + Level 18.6(18.3) Evocations


You had 32 spell levels left.
You knew the following spells:

 Your Spells              Type           Power        Failure   Level  Hunger
a - Apportation           Tloc           #.........   100%        1    ##.....


Dungeon Overview and Level Annotations

Branches:
Dungeon (15/15)            Temple (1/1) D:4            Lair (8/8) D:8
  Swamp (4/4) Lair:4       Spider (4/4) Lair:3        Slime (0/6) Lair:7
    Orc (2/2) D:12            Elf (3/3) Orc:2        Vaults (5/5) D:14
  Crypt (3/3) Vaults:2       Tomb (0/3) Crypt:3      Depths (5/5) D:15
   Hell (1/1)                 Dis (0/7) Hell            Geh (0/7) Hell
    Coc (0/7) Hell            Tar (0/7) Hell            Zot (5/5) Depths:5

Altars:
Ashenzari
Cheibriados
Dithmenos
Elyvilon
Fedhas
Gozag
Kikubaaqudgha
Makhleb
Nemelex Xobeh
Okawaru
Pakellas
Qazlal
Ru
Sif Muna
Trog
Vehumet
Xom
Yredelemnul
Zin
The Shining One
Lugonu

Shops:
Orc:1 %   Orc:2 *[(:   Elf:2 *   Vaults:1 *   Vaults:2 ?   Depths:1 *
Depths:3 *   Depths:5 !

Portals:
Hell: Depths:1 Depths:2 Depths:3 Depths:4 Depths:5
Abyss: Depths:1 Depths:2 Depths:4 Depths:5
Pandemonium: Depths:3 Depths:4
Ziggurat: Depths:5


Innate Abilities, Weirdness & Mutations

You reflexively headbutt those who attack you in melee.
You have a pair of horns on your head.
You have large cloven feet.
You are agile. (Dex +2)
You can translocate small distances at will.
Your body sometimes deteriorates upon taking damage.
You are dopey. (Int -2)
You are frail (-10% HP).
You sometimes yell uncontrollably at your foes.


Message History

Okawaru accepts your kill.
Things that are here:
a demon trident of flaming; a chain mail; a putrid demonspawn corpse
Things that are here:
a demon trident of flaming; a chain mail; a putrid demonspawn corpse
Things that are here:
a mace; a chain mail; a putrid demonspawn corpse You start resting.
A tormentor comes into view.
You can't go up here!
The tormentor roars!
There is a stone staircase leading up here.
You climb upwards.
There is a stone staircase leading down here.
You start resting.
An ice devil comes into view.
A green death comes into view.
There is an open gate here.
There is a staircase leading out of the dungeon here.
You have escaped!

####### #..@..#
##...## #.###.#
#8'''8# # ###.###
########### #.#
#.......... #.#
#.######### #.#
##.#########
#.#####...........


There were no monsters in sight!

Vanquished Creatures
  6 ancient liches
  6 orbs of fire
  Mara (Spider:4)
  3 curse toes (Zot:5)
  Norris (Elf:2)
  7 Killer Klowns (Zot:5)
  Saint Roka (Elf:2)
  9 golden dragons
  Geryon (Hell)
  Arachne (Spider:3)
  4 electric golems
  2 hellephants
  Jorgrun (Depths:4)
  19 tentacled monstrosities
  29 Orb Guardians
  2 deep elf blademasters
  Asterion (Elf:3)
  7 liches
  A shard shrike skeleton (Crypt:3)
  A titan (Vaults:3)
  2 quicksilver dragons (Vaults:4)
  Murray (Depths:5)
  14 death cobs
  7 sphinxes
  6 ancient champions
  10 draconian monks
  4 shadow dragons
  2 thorn hunters
  Roxanne (Spider:3)
  6 tengu reavers
  A revenant (Crypt:2)
  13 storm dragons
  The ghost of namnharef the Demolition Demonspawn, an adept DsFi of Makhleb (Swamp:4)
  9 frost giants
  Donald (Elf:3)
  Wiglaf (Elf:2)
  9 deep elf sorcerers
  An orc warlord (Orc:1)
  19 vault wardens
  11 ghost moths
  12 draconian scorchers
  5 fire giants
  Louise (Swamp:2)
  9 draconian knights
  A balrug (Hell)
  Aizul (Spider:4)
  5 emperor scorpions
  10 draconian zealots
  3 deep elf elementalists (Elf:3)
  4 ghouls
  A cacodemon (Depths:5)
  7 draconian annihilators
  A spriggan defender (Depths:4)
  6 draconian callers
  6 draconian shifters
  23 stone giants
  22 ironheart preservers
  22 very ugly things
  11 green draconians
  7 reapers
  3 war gargoyles
  6 salamander stormcallers
  6 vampire knights
  3 deep elf demonologists
  18 black draconians
  The ghost of Ijustatesigmund the Unseen, a journeyman SpAs of Okawaru (Orc:2)
  14 yellow draconians
  The ghost of Sargon the Grappler, a journeyman TrBe of Trog (D:13)
  23 mottled draconians
  2 spark wasps (Depths:1)
  8 deep elf annihilators
  14 red draconians
  7 white draconians
  A lorocyproca (Depths:4)
  2 dire elephants
  10 purple draconians
  10 deep elf death magi
  A green death (Hell)
  36 vault guards
  3 eidola
  22 fire dragons
  14 ettins
  A minotaur (Lab)
  A mummy priest (Crypt:3)
  22 yaktaur captains
  17 jiangshi
  A quicksilver dragon skeleton (Crypt:1)
  6 deep elf high priests
  8 great orbs of eyes
  20 hydras
  3 rakshasas
  11 entropy weavers
  Fannar (D:11)
  24 ice dragons
  5 death knights
  An iron giant zombie (Crypt:2)
  3 ghost crabs
  A ghost crab (shapeshifter) (Vaults:4)
  4 spriggan air magi
  15 ogre magi
  An alligator (shapeshifter) (Elf:1)
  27 dancing weapons
  9 alligators
  A tengu warrior (Depths:3)
  9 centaur warriors
  7 death yaks
  5 orc high priests (Orc:2)
  10 deep troll shamans
  A titan zombie (Hell)
  8 hell hogs
  20 deep troll earth magi
  3 spriggan berserkers
  5 vampire magi
  7 sun demons
  An iron golem (Hell)
  5 soul eaters
  16 deep elf knights
  A storm dragon zombie (Vaults:5)
  2 iron trolls (Depths:2)
  A fire crab (Vaults:5)
  17 hell knights
  4 shadow wraiths
  6 unseen horrors
  41 deep trolls
  15 skeletal warriors
  A gelid demonspawn (Depths:4)
  2 putrid demonspawn (D:2)
  An anaconda zombie (Hell)
  2 infernal demonspawn (D:13)
  10 swamp dragons
  A golden dragon zombie (Hell)
  4 giant orange brains
  5 wizards
  10 hill giants
  A swamp dragon (shapeshifter) (Vaults:2)
  2 obsidian statues (Zot:2)
  A lindwurm (Lair:4)
  11 flayed ghosts
  2 shambling mangroves (Swamp:3)
  A golden dragon skeleton (Crypt:2)
  13 orc knights
  17 deep elf archers
  22 ironbrand convokers
  An anubis guard (shapeshifter) (Vaults:5)
  A hill giant (shapeshifter) (Depths:2)
  9 necromancers
  14 phantasmal warriors
  A frost giant zombie (Vaults:5)
  9 oklob plants
  9 orc sorcerers
  40 wolf spiders
  A cyclops (shapeshifter) (Vaults:5)
  77 deep elf magi
  9 griffons
  A fire giant zombie (Vaults:5)
  13 orb spiders
  An iron dragon skeleton (Crypt:3)
  A salamander (Depths:4)
  A moth of wrath (shapeshifter) (Depths:2)
  9 hornets
  A stone giant skeleton (Hell)
  An elephant (shapeshifter) (Vaults:4)
  A hell hog zombie (Crypt:1)
  34 ugly things
  A frost giant skeleton (Vaults:5)
  5 cyclopes
  A black mamba (shapeshifter) (Depths:2)
  A stone giant zombie (Hell)
  42 moths of wrath
  A guardian serpent (shapeshifter) (Vaults:5)
  11 black mambas
  7 elephants
  2 octopodes (shapeshifter)
  4 rust devils
  2 ice statues
  2 fire giant skeletons (Hell)
  A storm dragon simulacrum (Vaults:5)
  A gargoyle (D:14)
  An orange demon (D:11)
  2 molten gargoyles
  25 spiny frogs
  14 vault sentinels
  3 torpor snails
  2 kobold demonologists (D:14)
  A rime drake (shapeshifter) (Vaults:2)
  5 rime drakes
  50 yaktaurs
  A tormentor (D:15)
  An efreet (D:14)
  6 komodo dragons
  An elf zombie (Vaults:5)
  An elephant slug zombie (Crypt:1)
  28 guardian mummies (Crypt:3)
  17 freezing wraiths
  A green draconian skeleton (Crypt:3)
  9 ice devils
  2 hydra zombies (Hell)
  8 demonic crawlers
  2 burning bushes (Zot:2)
  4 spriggan druids
  5 red devils
  6 trolls
  2 giant leeches
  29 jumping spiders
  10 polar bears
  A wolf spider simulacrum (IceCv)
  A jumping spider (shapeshifter) (Vaults:5)
  A satyr zombie (Crypt:2)
  12 ushabtiu (Crypt:3)
  20 blink frogs
  27 slime creatures
  27 two-headed ogres
  16 bog bodies
  An ice dragon zombie (Hell)
  A hornet zombie (D:15)
  An iron dragon simulacrum (Hell)
  A blink frog (shapeshifter) (Vaults:4)
  A sphinx simulacrum (Vaults:1)
  A fire dragon zombie (Hell)
  An alligator zombie (Crypt:1)
  8 large abominations (Depths:2)
  12 boulder beetles
  A tarantella (shapeshifter) (Vaults:4)
  6 air elementals
  3 shadows
  A water elemental (Orc:2)
  86 redbacks
  4 flying skulls (Crypt:1)
  2 ynoxinuls
  23 spriggans
  33 tarantellas
  10 wraiths
  A wind drake zombie (Crypt:3)
  A spriggan (shapeshifter) (Vaults:4)
  A wyvern (shapeshifter) (Vaults:1)
  55 yaks
  3 wyverns
  9 humans (Zot:4)
  4 fire bats (D:12)
  2 hogs (shapeshifter) (Vaults:1)
  A basilisk (Lair:8)
  17 hippogriffs
  Eustachio (D:5)
  A golden eye (D:13)
  A hungry ghost (D:11)
  17 vampire mosquitoes
  A death yak simulacrum (IceCv)
  2 chaos spawn (Depths:2)
  8 fire elementals
  9 wargs
  2 mottled dragons
  10 insubstantial wisps (Swamp:1)
  22 swamp worms
  3 spiny frog zombies (Hell)
  14 water moccasins
  10 porcupines
  14 hell hounds
  37 orc warriors
  A torturous demonspawn skeleton (Crypt:3)
  4 sky beasts
  3 sky beasts (shapeshifter)
  An eye of draining (D:14)
  8 swamp drakes
  5 black bears (Lair:8)
  20 ice beasts
  4 spiny frog skeletons (Hell)
  A manticore zombie (Hell)
  An alligator simulacrum (IceCv)
  59 ogres
  2 snapping turtle zombies
  An anubis guard zombie (Crypt:2)
  A tengu (shapeshifter) (Vaults:4)
  23 wasps
  48 wolves
  A necrophage (D:8)
  2 phantoms
  20 centaurs
  2 swamp dragon skeletons
  2 boggarts (D:15)
  A big kobold (D:8)
  6 small abominations
  19 crocodiles
  A hog skeleton (Crypt:3)
  22 giant frogs
  A human skeleton (Vaults:5)
  A gnoll sergeant (D:11)
  2 komodo dragon zombies (Lair:7)
  A spiny frog simulacrum (Hell)
  A draconian skeleton (Crypt:1)
  6 earth elementals
  A glowing shapeshifter simulacrum (Vaults:3)
  A cyclops zombie (Crypt:3)
  A wyvern skeleton (D:11)
  4 water moccasin zombies
  7 scorpions
  2 water moccasin skeletons
  10 killer bees
  A human simulacrum (Vaults:3)
  A wight (Crypt:2)
  2 howler monkeys (D:9)
  A centaur zombie (D:5)
  10 electric eels
  9 crimson imps
  3 quasits
  A wolf skeleton (Crypt:3)
  3 iron imps (Hell)
  3 jellies
  7 draconian simulacra (IceCv)
  A giant frog skeleton (D:12)
  8 hounds
  21 orc priests
  20 orc wizards
  5 centaur skeletons
  A black bear skeleton (Crypt:2)
  18 iguanas
  2 lightning spires (Zot:2)
  9 worker ants
  11 hell rats
  A spriggan simulacrum (IceCv)
  3 troll simulacra (IceCv)
  A polar bear simulacrum (IceCv)
  A killer bee zombie (D:9)
  37 sheep
  An ogre zombie (Hell)
  A crocodile zombie (Lair:7)
  5 centaur simulacra
  A dwarf skeleton (Crypt:2)
  2 big kobold zombies (Ossuary)
  A felid skeleton (Crypt:1)
  A hound zombie (D:5)
  A hound skeleton (D:7)
  10 mummies
  Robin (D:4)
  A howler monkey zombie (D:6)
  A hell rat skeleton (Crypt:1)
  7 gnolls
  5 adders
  3 naga simulacra (IceCv)
  2 ogre simulacra (IceCv)
  58 river rats
  4 shadow imps
  14 white imps
  A giant eyeball (Vaults:3)
  2 oozes
  An ufetubus (Zot:5)
  4 adder zombies (Ossuary)
  3 adder skeletons
  3 worms
  3 dart slugs
  3 giant geckos
  96 orcs
  3 bats
  6 giant cockroaches
  2 gnoll zombies (Ossuary)
  16 goblins
  7 hobgoblins
  6 jackals
  11 kobolds
  6 quokkas
  A giant gecko skeleton (D:4)
  5 giant newts
  7 hobgoblin zombies (Ossuary)
  2 jackal skeletons
  3 kobold zombies (Ossuary)
  4 orc zombies (Ossuary)
  A quokka skeleton (D:4)
  4 rats
  A butterfly (Lair:1)
  A crawling corpse (Vaults:4)
  2 fire vortices (Depths:5)
  4 fungi
  3 plants
2960 creatures vanquished.

Vanquished Creatures (collateral kills)
  Nikola (Swamp:4)
  A draconian monk (Depths:5)
  A salamander stormcaller (Vaults:5)
  A spark wasp (Spider:4)
  An ironbrand convoker (Vaults:5)
  A necromancer (Vaults:5)
  A swamp dragon (Swamp:4)
  A giant leech (Swamp:4)
  A redback (Spider:4)
  A tarantella (Spider:4)
  2 swamp drakes (Swamp:4)
12 creatures vanquished.

Vanquished Creatures (others)
  2 deep elf master archers (Elf:3)
  A draconian shifter (Depths:5)
  A draconian scorcher (Zot:5)
  A draconian annihilator (Zot:1)
  A stone giant (Depths:5)
  A deep elf demonologist (Elf:1)
  A deep elf high priest (Elf:3)
  A fire dragon (Zot:5)
  A rakshasa (Depths:3)
  2 yaktaur captains
  3 centaur warriors
  2 ogre magi
  An iron troll (Depths:5)
  A deep troll (Vaults:5)
  An ironbrand convoker (Vaults:5)
  A deep elf mage (Elf:2)
  An orb spider (Spider:3)
  A hellion (Depths:5)
  A centaur skeleton (D:15)
  14 yaktaurs
  A two-headed ogre (Vaults:1)
  2 redbacks
  A boggart (D:15)
  3 ogres
  2 centaurs
  3 fire vortices (Vaults:5)
  16 fungi
  6 lost souls
  7 plants
79 creatures vanquished.

Grand Total: 3051 creatures vanquished

Notes
Turn   | Place    | Note
--------------------------------------------------------------
     0 | D:1      | mrath the Minotaur Fighter began the quest for the Orb.
     0 | D:1      | Reached XP level 1. HP: 19/19 MP: 0/0
   392 | D:1      | Reached XP level 2. HP: 26/26 MP: 1/1
   827 | D:2      | Found a stormy altar of Qazlal.
  1600 | D:2      | Reached XP level 3. HP: 22/31 MP: 2/2
  2180 | D:3      | Reached skill level 5 in Maces & Flails
  2248 | D:3      | Found an oddly glowing altar of Pakellas.
  2549 | D:4      | Reached XP level 4. HP: 27/39 MP: 3/3
  2761 | D:4      | Noticed Robin
  2771 | D:4      | Killed Robin
  2771 | D:4      | Reached XP level 5. HP: 45/45 MP: 4/4
  3040 | D:4      | Found a staircase to the Ecumenical Temple.
  3049 | Temple   | Entered the Ecumenical Temple
  3323 | D:4      | Found a basalt altar of Yredelemnul.
  3783 | D:4      | Reached skill level 1 in Throwing
  3783 | D:4      | Reached XP level 6. HP: 46/52 MP: 5/5
  3805 | D:4      | Found a deep blue altar of Sif Muna.
  4316 | D:5      | Entered Level 5 of the Dungeon
  4382 | D:5      | Found a radiant altar of Vehumet.
  4445 | D:5      | Reached skill level 1 in Dodging
  4445 | D:5      | Reached skill level 1 in Evocations
  4489 | D:5      | Reached XP level 7. HP: 59/59 MP: 5/7
  4503 | D:5      | Noticed Eustachio
  4514 | D:5      | Killed Eustachio
  4890 | D:6      | Reached skill level 5 in Armour
  4890 | D:6      | Reached skill level 5 in Shields
  4969 | D:6      | Reached XP level 8. HP: 51/67 MP: 8/8
  4985 | D:6      | Reached skill level 5 in Fighting
  5170 | D:6      | Found a sand-covered staircase.
  5175 | Ossuary  | Entered an ossuary
  5752 | D:6      | Found an ancient bone altar of Kikubaaqudgha.
  6415 | D:7      | Found a shimmering altar of Xom.
  6444 | D:7      | Reached XP level 9. HP: 70/75 MP: 10/10
  7852 | D:8      | Found a blossoming altar of Fedhas.
  7870 | D:8      | Reached skill level 5 in Throwing
  7975 | D:8      | Found an iron altar of Okawaru.
  7989 | D:8      | Became a worshipper of Warmaster Okawaru
  8064 | D:8      | Found a staircase to the Lair.
  8100 | D:8      | Reached skill level 5 in Dodging
  8193 | D:8      | Found a shimmering altar of Xom.
  9039 | Lair:1   | Entered Level 1 of the Lair of Beasts
  9063 | Lair:1   | Reached XP level 10. HP: 82/86 MP: 12/12
  9141 | D:8      | Reached * piety under Okawaru
  9593 | Lair:1   | Reached ** piety under Okawaru
  9602 | Lair:1   | Noticed a four-headed hydra
  9620 | Lair:1   | Killed a four-headed hydra
  9620 | Lair:1   | Reached skill level 5 in Evocations
  9623 | Lair:1   | Noticed a spiny frog
  9632 | Lair:1   | Killed a spiny frog
  9700 | Lair:1   | Reached *** piety under Okawaru
 10407 | Lair:1   | Reached XP level 11. HP: 94/94 MP: 12/14
 10472 | Lair:1   | Reached skill level 10 in Maces & Flails
 10839 | Lair:2   | Reached **** piety under Okawaru
 10956 | Lair:2   | Received a gift from Okawaru
 12191 | Lair:3   | Reached ***** piety under Okawaru
 12191 | Lair:3   | Received a gift from Okawaru
 12810 | Lair:3   | Got a dazzling ring mail
 12821 | Lair:3   | Identified the cursed +0 ring mail of Levyoss {rC++ Int+5 Slay-3} (You found it on level 3 of the Lair of Beasts)
 13082 | Lair:3   | Received a gift from Okawaru
 13251 | Lair:3   | Noticed a wolf spider
 13715 | Lair:3   | Found a hole to the Spider Nest.
 13727 | Lair:3   | Killed a wolf spider
 13864 | Lair:4   | Reached XP level 12. HP: 102/105 MP: 15/15
 14210 | Lair:4   | Received a gift from Okawaru
 14211 | Lair:4   | Got a smoking robe {god gift}
 14452 | Lair:4   | Upgraded the game from 0.18-a0-1626-g65af6d3 to 0.18-a0-1628-g61c6396
 14790 | Lair:4   | Noticed a four-headed hydra
 14823 | Lair:4   | Killed a four-headed hydra
 14823 | Lair:4   | Reached skill level 10 in Fighting
 14827 | Lair:4   | Reached skill level 1 in Invocations
 14927 | Lair:4   | Noticed a four-headed hydra
 14932 | Lair:4   | Killed a four-headed hydra
 14932 | Lair:4   | Reached skill level 10 in Shields
 15177 | Lair:4   | Noticed a six-headed hydra
 15199 | Lair:4   | Killed a six-headed hydra
 15845 | Lair:4   | Reached skill level 10 in Armour
 15853 | Lair:4   | Found a staircase to the Swamp.
 16523 | Lair:5   | Noticed an ice dragon
 16746 | Lair:5   | Killed an ice dragon
 16943 | Lair:5   | Noticed a four-headed hydra
 16954 | Lair:5   | Killed a four-headed hydra
 17164 | Lair:5   | Reached XP level 13. HP: 104/114 MP: 17/17
 17267 | Lair:5   | Received a gift from Okawaru
 17907 | Lair:6   | Found a dark tunnel.
 18245 | Lair:6   | You fall through a shaft for 2 floors!
 18245 | Lair:8   | Entered Level 8 of the Lair of Beasts
 18275 | Lair:8   | Received a gift from Okawaru
 18654 | Lair:7   | Found a labyrinth entrance.
 18724 | Lab      | Entered a labyrinth
 19328 | Lab      | Noticed a minotaur
 19336 | Lab      | Killed a minotaur
 19342 | Lab      | Got a brightly glowing golden amulet
 19343 | Lab      | Got a brightly glowing plate armour
 19385 | Lab      | Identified the +8 plate armour of the Shining Light {Regen+} (You found it in a labyrinth)
 19387 | Lab      | Identified a +4 rod of clouds (9/9) (You found it in a labyrinth)
 20090 | Lair:7   | Received a gift from Okawaru
 20091 | Lair:7   | Got a polished morningstar {god gift}
 20092 | Lair:7   | Identified the +1 morningstar of Courage {holy, Int+3} (Okawaru gifted it to you on level 7 of the Lair of Beasts)
 20093 | Lair:7   | Identified the amulet of Spring {+Rage rPois Int+2 Dex+2} (You found it in a labyrinth)
 20585 | Lair:7   | Found a staircase to the Slime Pits.
 21661 | Lair:6   | Reached skill level 10 in Dodging
 21680 | Lair:7   | Reached XP level 14. HP: 124/124 MP: 19/19
 21684 | Lair:7   | Received a gift from Okawaru
 21822 | Lair:8   | Received a gift from Okawaru
 21822 | Lair:8   | Reached skill level 5 in Invocations
 23021 | Lair:8   | Got a warped longbow
 23551 | D:9      | Found a sparkling altar of Nemelex Xobeh.
 23556 | D:9      | Found a glowing golden altar of the Shining One.
 23567 | D:9      | Found a deep blue altar of Sif Muna.
 23575 | D:9      | Found a snail-covered altar of Cheibriados.
 23821 | D:10     | Entered Level 10 of the Dungeon
 24527 | D:10     | Found a sacrificial altar of Ru.
 24562 | D:10     | Received a gift from Okawaru
 24897 | D:11     | Noticed Fannar
 24919 | D:11     | Killed Fannar
 25247 | D:11     | Reached skill level 10 in Throwing
 25854 | D:12     | You fall through a shaft for 2 floors!
 25934 | D:12     | Found a staircase to the Orcish Mines.
 26202 | D:12     | Received a gift from Okawaru
 26738 | Orc:1    | Entered Level 1 of the Orcish Mines
 26803 | Orc:1    | Reached XP level 15. HP: 133/133 MP: 20/20
 27087 | Orc:2    | Entered Level 2 of the Orcish Mines
 27150 | Orc:2    | Noticed Ijustatesigmund's ghost (journeyman SpAs)
 27179 | Orc:2    | Killed Ijustatesigmund's ghost
 27252 | Orc:2    | Found Kaut Facu's Book Emporium.
 27265 | Orc:2    | Received a gift from Okawaru
 27421 | Orc:2    | Found a frozen archway.
 27507 | IceCv    | Entered an ice cave
 27743 | IceCv    | Found an ancient bone altar of Kikubaaqudgha.
 27998 | IceCv    | Identified the Reference Book on the Excruciating Frostbite
 28614 | Orc:1    | Found Yhofopox's Food Shoppe.
 28832 | Orc:2    | Found a staircase to the Elven Halls.
 28927 | Orc:2    | Noticed an orc warlord
 29183 | Orc:1    | Killed an orc warlord
 29234 | Orc:2    | Received a gift from Okawaru
 29315 | Orc:2    | Found Xoatim's Antique Armour Shop.
 29351 | Orc:2    | Found Gekli's Antique Weapon Emporium.
 29526 | Orc:2    | Found Yvvaruj's General Store.
 29664 | Orc:2    | Bought a shiny plate armour for 621 gold pieces
 29701 | Orc:2    | Bought a faintly glowing hunting sling for 162 gold pieces
 29701 | Orc:2    | Bought a polished trident for 212 gold pieces
 29701 | Orc:2    | Identified the cursed +1 hunting sling of the Unspeakable One {speed, rElec MR+} (You bought it in a shop on level 2 of the Orcish Mines)
 29703 | Orc:2    | Identified the cursed +3 trident of the Illusory Seas {flame, rN+++ Dex-4} (You bought it in a shop on level 2 of the Orcish Mines)
 29741 | Orc:2    | Bought a lamp of fire for 600 gold pieces
 29741 | Orc:2    | Bought a scroll of teleportation for 45 gold pieces
 30074 | D:13     | Noticed Sargon's ghost (journeyman TrBe)
 30157 | D:13     | Killed Sargon's ghost
 30279 | D:13     | You fall through a shaft!
 30358 | D:14     | Found a gate to the Vaults.
 30917 | D:13     | Identified the Disquisition on Ashen Evil
 31477 | D:14     | Received a gift from Okawaru
 31777 | D:15     | Entered Level 15 of the Dungeon
 32598 | D:15     | Reached XP level 16. HP: 144/144 MP: 15/22
 32697 | D:15     | Found a staircase to the Depths.
 33041 | Swamp:1  | Entered Level 1 of the Swamp
 33149 | Swamp:1  | Received a gift from Okawaru
 33321 | Swamp:1  | Reached skill level 1 in Slings
 33358 | Swamp:1  | Noticed a thorn hunter
 33380 | Swamp:1  | Killed a thorn hunter
 33380 | Swamp:1  | Reached skill level 10 in Evocations
 33489 | Swamp:1  | Identified Jugep's Collected Works on Conjuration
 33983 | Swamp:2  | Noticed a thorn hunter
 34154 | Swamp:2  | Killed a thorn hunter
 34199 | Swamp:2  | Received a gift from Okawaru
 34254 | Swamp:2  | You fall through a shaft!
 34594 | Swamp:2  | Noticed Louise
 34645 | Swamp:2  | Killed Louise
 35012 | Orc:2    | Bought a runed cloak for 121 gold pieces
 35334 | Swamp:2  | Got a fine chain mail
 35352 | Swamp:2  | Identified the +6 chain mail of Lothruss {rElec rPois rF- Stlth+} (You found it on level 2 of the Swamp)
 36372 | Swamp:3  | Received a gift from Okawaru
 36477 | Swamp:4  | Entered Level 4 of the Swamp
 36673 | Swamp:4  | Noticed Nikola
 36710 | Swamp:4  | Killed Nikola
 36773 | Swamp:4  | Received a gift from Okawaru
 36868 | Swamp:4  | Received a gift from Okawaru
 36874 | Swamp:4  | Got a twisted flail {god gift}
 36875 | Swamp:4  | Identified the +8 flail of Distant Worlds {flame, MR+ Int+3} (Okawaru gifted it to you on level 4 of the Swamp)
 37294 | Swamp:4  | Noticed namnharef's ghost (adept DsFi)
 37306 | Swamp:4  | Killed namnharef's ghost
 37306 | Swamp:4  | Reached XP level 17. HP: 117/152 MP: 16/23
 37784 | Swamp:4  | Got a decaying rune of Zot
 37973 | Spider:1 | Entered Level 1 of the Spider Nest
 39338 | Spider:2 | Received a gift from Okawaru
 39400 | Spider:2 | Got a translucent war axe
 39426 | Spider:2 | Identified the +7 war axe of Dox Bicra {chop, rC+} (You found it on level 2 of the Spider Nest)
 39558 | Spider:2 | Received a gift from Okawaru
 39738 | Spider:3 | Noticed Arachne
 39780 | Spider:3 | Killed Arachne
 40251 | Spider:3 | Noticed Roxanne
 40309 | Spider:3 | Killed Roxanne
 40382 | Spider:4 | Entered Level 4 of the Spider Nest
 40701 | Spider:4 | Received a gift from Okawaru
 40762 | Spider:4 | Noticed Aizul
 40790 | Spider:4 | Killed Aizul
 41056 | Spider:4 | Noticed Mara
 41260 | Spider:4 | Reached XP level 18. HP: 162/162 MP: 25/25
 41403 | Spider:3 | Reached skill level 15 in Fighting
 41566 | Lair:2   | Upgraded the game from 0.18-a0-1628-g61c6396 to 0.18-a0-1649-g8d9735b
 41781 | Spider:4 | Killed Mara
 41781 | Spider:4 | Reached skill level 15 in Maces & Flails
 42144 | Spider:4 | Received a gift from Okawaru
 42232 | Spider:4 | Got a gossamer rune of Zot
 42707 | Vaults:1 | Entered Level 1 of the Vaults
 42856 | Vaults:1 | Reached skill level 15 in Shields
 42883 | Vaults:1 | Reached skill level 15 in Armour
 43027 | Vaults:1 | Found Ziukluh's General Store.
 43115 | Vaults:1 | Received a gift from Okawaru
 45504 | Vaults:2 | Reached XP level 19. HP: 172/172 MP: 24/27
 45669 | Vaults:2 | Found Rashoeva's Magic Scroll Emporium.
 45676 | Vaults:2 | Bought a scroll of identify for 22 gold pieces
 45676 | Vaults:2 | Bought 3 scrolls of identify for 66 gold pieces
 45676 | Vaults:2 | Bought a scroll of identify for 22 gold pieces
 45676 | Vaults:2 | Bought a scroll of identify for 22 gold pieces
 46110 | Vaults:2 | Received a gift from Okawaru
 46244 | Vaults:2 | Found a staircase to the Crypt.
 46244 | Vaults:2 | Found a basalt altar of Yredelemnul.
 46244 | Vaults:2 | Found an ancient bone altar of Kikubaaqudgha.
 46723 | Vaults:3 | Received a gift from Okawaru
 48711 | Vaults:3 | Noticed a lich
 48720 | Vaults:3 | Noticed a Tzitzimitl
 48965 | Vaults:2 | Received a gift from Okawaru
 49184 | Vaults:3 | Reached XP level 20. HP: 148/182 MP: 28/28
 49256 | Vaults:3 | Got a transparent ring mail
 49274 | Vaults:3 | Identified the cursed +0 ring mail of Boiling Hail {*Contam rN+ Slay+3 Stlth+} (You found it on level 3 of the Vaults)
 49281 | Vaults:3 | Gained mutation: You occasionally shout uncontrollably at your foes. [mutagenic glow]
 49373 | Vaults:3 | Paralysed by a giant eyeball for 2 turns
 49477 | Vaults:3 | Received a gift from Okawaru
 50213 | Vaults:4 | Reached skill level 15 in Dodging
 50246 | Vaults:4 | Received a gift from Okawaru
 52035 | Elf:1    | Entered Level 1 of the Elven Halls
 52757 | Elf:1    | Received a gift from Okawaru
 54018 | Elf:2    | Found Imudwoc's Elven Fire.
 54255 | Elf:2    | Learned a level 1 spell: Apportation
 54490 | Elf:2    | Reached XP level 21. HP: 177/191 MP: 29/29
 54567 | Elf:2    | Found a large runed door.
 54567 | Elf:2    | Found a large runed door.
 54591 | Elf:2    | Found a large runed door.
 54591 | Elf:2    | Found a large runed door.
 54598 | Elf:2    | Noticed Wiglaf
 54627 | Elf:2    | Killed Wiglaf
 55271 | Elf:2    | Received a gift from Okawaru
 55578 | Elf:2    | Noticed Saint Roka
 55985 | Elf:2    | Killed Saint Roka
 56432 | Elf:2    | Noticed Norris
 56451 | Elf:2    | Killed Norris
 56557 | Elf:3    | Entered Level 3 of the Elven Halls
 56745 | Elf:3    | Received a gift from Okawaru
 57002 | Elf:3    | Noticed Asterion
 57018 | Elf:3    | Killed Asterion
 57032 | Elf:3    | Noticed Donald
 57044 | Elf:3    | Killed Donald
 58200 | Elf:2    | Upgraded the game from 0.18-a0-1649-g8d9735b to 0.18-a0-1655-ge2d8d33
 59907 | Lair:2   | Identified a +6 rod of ignition (14/14) (You took it off a deep elf death mage on level 2 of the Elven Halls)
 60286 | Elf:3    | Got an encrusted quarterstaff {freeze}
 60462 | Elf:3    | Got a slimy trident
 60473 | Elf:3    | Got a crystal glaive
 60853 | Lair:2   | Identified the +7 trident "Huneq" {pierce, Int+4} (You found it on level 3 of the Elven Halls)
 61148 | Depths:1 | Entered Level 1 of the Depths
 61333 | Depths:1 | Found a gateway to Hell.
 61406 | Depths:1 | Found Cifopp's Assorted Antiques.
 61412 | Depths:1 | Bought a scroll of identify for 62 gold pieces
 61464 | Depths:1 | Found a one-way gate to the infinite horrors of the Abyss.
 61590 | Depths:1 | Received a gift from Okawaru
 61907 | Depths:1 | Received a gift from Okawaru
 62136 | Depths:2 | Reached XP level 22. HP: 180/201 MP: 31/31
 62222 | Depths:2 | Received a gift from Okawaru
 62614 | Depths:2 | Received a gift from Okawaru
 64142 | Depths:3 | Received a gift from Okawaru
 64214 | Depths:3 | Found a one-way gate leading to the halls of Pandemonium.
 64415 | Depths:3 | Found Caingijots's General Store.
 64427 | Depths:3 | Bought a potion of heal wounds for 80 gold pieces
 64475 | Depths:3 | Received a gift from Okawaru
 64796 | Depths:3 | Reached skill level 10 in Invocations
 65691 | Lair:2   | Reached XP level 23. HP: 209/209 MP: 32/32
 65974 | Depths:1 | Bought a scroll of identify for 62 gold pieces
 66370 | Depths:3 | Reached skill level 15 in Throwing
 66398 | Depths:3 | Got an ancient dagger
 66399 | Depths:3 | Identified the cursed +1 dagger "Kim Woit" {pain, +Blink rPois} (You found it on level 3 of the Depths)
 66462 | Depths:4 | Found Doeteokh's Assorted Antiques.
 66468 | Depths:4 | Received a gift from Okawaru
 66596 | Depths:4 | Reached skill level 1 in Spellcasting
 66653 | Depths:4 | Noticed Jorgrun
 66665 | Depths:4 | Killed Jorgrun
 66679 | Depths:4 | Received a gift from Okawaru
 66880 | Depths:4 | Found a corrupted altar of Lugonu.
 67157 | Depths:4 | Received a gift from Okawaru
 67351 | Depths:4 | Reached XP level 24. HP: 183/218 MP: 32/32
 68425 | Depths:5 | Entered Level 5 of the Depths
 69180 | Depths:5 | Received a gift from Okawaru
 69401 | Depths:5 | Found a glowing golden altar of the Shining One.
 69428 | Depths:5 | Found a gateway to a ziggurat.
 69429 | Depths:5 | Received a gift from Okawaru
 69769 | Depths:5 | Received a gift from Okawaru
 70580 | Depths:5 | Found Teyhuez's Distillery.
 70592 | Depths:5 | Bought a potion of heal wounds for 120 gold pieces
 70592 | Depths:5 | Bought a potion of heal wounds for 120 gold pieces
 70708 | Depths:5 | Found a gate to the Realm of Zot.
 70837 | Hell     | Entered the Vestibule of Hell
 70837 | Hell     | Noticed Murray
 70837 | Hell     | Noticed Geryon
 70882 | Depths:5 | Killed Murray
 70882 | Depths:5 | Received a gift from Okawaru
 71443 | Hell     | Killed Geryon
 71443 | Hell     | Received a gift from Okawaru
 72001 | Depths:5 | Reached skill level 15 in Evocations
 72306 | Hell     | Received a gift from Okawaru
 73058 | Hell     | Found a gateway to the decaying netherworld of Tartarus.
 73437 | Hell     | Found a gateway to the freezing wastes of Cocytus.
 73453 | Hell     | Reached XP level 25. HP: 224/227 MP: 33/33
 73769 | Hell     | Found a gateway to the Iron City of Dis.
 73792 | Hell     | Found a gateway to the ashen valley of Gehenna.
 75188 | Vaults:5 | Entered Level 5 of the Vaults
 76031 | Vaults:5 | Received a gift from Okawaru
 76160 | Vaults:5 | Received a gift from Okawaru
 76423 | Vaults:4 | Received a gift from Okawaru
 76630 | Vaults:4 | Received a gift from Okawaru
 76724 | Vaults:4 | Received a gift from Okawaru
 76808 | Vaults:5 | Noticed an ancient lich
 76847 | Vaults:5 | Noticed an ancient lich
 77159 | Vaults:4 | Received a gift from Okawaru
 77526 | Vaults:4 | Killed an ancient lich
 77795 | Vaults:5 | Noticed an ancient lich
 77796 | Vaults:5 | Noticed an ancient lich
 77903 | Vaults:4 | Killed an ancient lich
 78034 | Vaults:4 | Killed an ancient lich
 78034 | Vaults:4 | Reached XP level 26. HP: 227/239 MP: 29/33
 78145 | Vaults:5 | Got a sparkling granite ring
 78146 | Vaults:5 | Got a faintly humming plate armour
 78155 | Vaults:5 | Got a twitching granite ring
 78207 | Vaults:4 | Identified the cursed +0 plate armour "Sutob" {rPois MP+9} (You took it off a vault warden on level 5 of the Vaults)
 78343 | Vaults:5 | Got an ancient arbalest
 78402 | Vaults:4 | Killed an ancient lich
 78402 | Vaults:4 | Received a gift from Okawaru
 78416 | Vaults:4 | Identified the ring of Zacudell {rF+ rN+ Str+2 SInv} (You found it on level 5 of the Vaults)
 78418 | Vaults:4 | Identified the ring "Misitwa" {rF+ rN+ MR- Slay+2} (You found it on level 5 of the Vaults)
 78762 | Vaults:5 | Got a silver rune of Zot
 79433 | Vaults:5 | Got an encrusted rapier
 80526 | Vaults:5 | Got a translucent mace {crush}
 80527 | Vaults:5 | Identified the +5 mace of Karma {crush, Str+3 Dex+3} (You found it on level 5 of the Vaults)
 80548 | Vaults:5 | Got a twitching wooden ring
 80774 | Vaults:5 | Identified the ring "Pianun" {*Contam rF+ MR++ Dex+4} (You took it off a necromancer on level 5 of the Vaults)
 81906 | Vaults:1 | Bought a wand of disintegration (11/24) for 195 gold pieces
 81906 | Vaults:1 | Bought a scroll of enchant weapon for 97 gold pieces
 82039 | Depths:1 | Bought a scroll of enchant armour for 232 gold pieces
 82111 | Depths:3 | Bought a scroll of summoning for 152 gold pieces
 82111 | Depths:3 | Bought a scroll of enchant weapon for 120 gold pieces
 82111 | Depths:3 | Bought a scroll of magic mapping for 56 gold pieces
 82111 | Depths:3 | Bought 4 fruits for 96 gold pieces
 82111 | Depths:3 | Bought a royal jelly for 32 gold pieces
 82179 | Depths:5 | Bought a potion of resistance for 240 gold pieces
 82179 | Depths:5 | Bought a potion of resistance for 240 gold pieces
 82179 | Depths:5 | Bought 2 potions of flight for 144 gold pieces
 82846 | Zot:1    | Entered Level 1 of the Realm of Zot
 83161 | Depths:5 | Received a gift from Okawaru
 84104 | Zot:1    | Received a gift from Okawaru
 85689 | Zot:1    | Noticed an orb of fire
 85695 | Zot:1    | Gained mutation: You are weak. (Str -2) [an orb of fire]
 85697 | Zot:1    | Gained mutation: Scrolls take you a little longer to read. [an orb of fire]
 85701 | Zot:1    | Gained mutation: You sometimes yell uncontrollably at your foes. [an orb of fire]
 85720 | Zot:1    | Gained mutation: You are very weak. (Str -4) [an orb of fire]
 85731 | Zot:1    | Killed an orb of fire
 85744 | Zot:1    | Received a gift from Okawaru
 85955 | Zot:1    | Lost mutation: You are very weak. (Str -4) [potion of cure mutation]
 85955 | Zot:1    | Lost mutation: Scrolls take you a little longer to read. [potion of cure mutation]
 85955 | Zot:1    | Lost mutation: You are weak. (Str -2) [potion of cure mutation]
 85955 | Zot:1    | Lost mutation: You sometimes yell uncontrollably at your foes. [potion of cure mutation]
 86196 | Zot:1    | Reached XP level 27. HP: 237/248 MP: 33/34
 86322 | Zot:1    | Noticed an orb of fire
 86334 | Zot:1    | Gained mutation: You have large cloven feet. [an orb of fire]
 86344 | Zot:1    | Killed an orb of fire
 86447 | Zot:1    | Received a gift from Okawaru
 86863 | Zot:2    | Gained mutation: Your body sometimes deteriorates upon taking damage. [a neqoxec]
 87036 | Zot:2    | Got a translucent ivory ring
 87050 | Zot:2    | Identified the ring of Desmuk {rElec rPois rF+ MR++ Slay-4} (You found it on level 2 of the Realm of Zot)
 87181 | Zot:2    | Received a gift from Okawaru
 87493 | Zot:2    | Gained mutation: You are weak. (Str -2) [a neqoxec]
 88834 | Zot:3    | Received a gift from Okawaru
 89949 | Zot:4    | Received a gift from Okawaru
 90530 | Zot:4    | Received a gift from Okawaru
 91224 | Zot:4    | Received a gift from Okawaru
 91596 | Zot:5    | Entered Level 5 of the Realm of Zot
 91886 | Zot:5    | Upgraded the game from 0.18-a0-1655-ge2d8d33 to 0.18-a0-1666-g3ea6f2b
 93215 | Crypt:1  | Entered Level 1 of the Crypt
 93980 | Crypt:1  | Received a gift from Okawaru
 94459 | Crypt:1  | Identified a scroll of acquirement
 94734 | Crypt:2  | Received a gift from Okawaru
 95478 | Crypt:2  | Received a gift from Okawaru
 95724 | Crypt:3  | Entered Level 3 of the Crypt
 95965 | Crypt:3  | Found a staircase to the Tomb.
 97084 | Crypt:3  | Received a gift from Okawaru
 97651 | Crypt:3  | Got a pitted scimitar
 98986 | Zot:5    | Received a gift from Okawaru
 99330 | Zot:5    | Received a gift from Okawaru
 99926 | Zot:5    | Noticed an ancient lich
 99938 | Zot:5    | Killed an ancient lich
 99975 | Zot:5    | Received a gift from Okawaru
100138 | Zot:5    | Received a gift from Okawaru
100151 | Zot:5    | Noticed an orb of fire
100163 | Zot:5    | Paralysed by the power of Zot for 5 turns
100167 | Zot:5    | Gained mutation: You are frail (-10% HP). [an orb of fire]
100189 | Zot:5    | Gained mutation: You are agile. (Dex +2) [an orb of fire]
100200 | Zot:5    | Killed an orb of fire
100221 | Zot:5    | Noticed an ancient lich
100359 | Zot:4    | Lost mutation: Your body sometimes deteriorates upon taking damage. [potion of cure mutation]
100359 | Zot:4    | Lost mutation: You are weak. (Str -2) [potion of cure mutation]
100359 | Zot:4    | Lost mutation: You are frail (-10% HP). [potion of cure mutation]
100472 | Zot:5    | Killed an ancient lich
100472 | Zot:5    | Received a gift from Okawaru
100591 | Zot:5    | Noticed an orb of fire
100598 | Zot:5    | Gained mutation: Your body sometimes deteriorates upon taking damage. [an orb of fire]
100600 | Zot:5    | Gained mutation: You can translocate small distances at will. [an orb of fire]
100603 | Zot:5    | Noticed an orb of fire
100610 | Zot:5    | Gained mutation: You sometimes yell uncontrollably at your foes. [an orb of fire]
101090 | Zot:4    | Received a gift from Okawaru
101149 | Zot:5    | Gained mutation: You are dopey. (Int -2) [an orb of fire]
101173 | Zot:5    | Killed an orb of fire
101263 | Zot:5    | Gained mutation: You are very dopey. (Int -4) [an orb of fire]
101265 | Zot:5    | Killed an orb of fire
101612 | Zot:5    | Received a gift from Okawaru
101720 | Zot:5    | Noticed an orb of fire
101728 | Zot:5    | Lost mutation: You are very dopey. (Int -4) [an orb of fire]
101735 | Zot:5    | Gained mutation: You are frail (-10% HP). [an orb of fire]
101757 | Zot:5    | Killed an orb of fire
101829 | Zot:5    | Received a gift from Okawaru
102240 | Zot:5    | Received a gift from Okawaru
102395 | Zot:5    | Got the Orb of Zot
103104 | D:4      | Noticed Ekkoyferr the pandemonium lord
103323 | D:$      | Escaped with the Orb!

Vault maps used:
D:1:      saegor_arrival_simple_c, feat_on_display
D:2:      lemuel_crystal_altar
D:3:      grunt_pakellas_sulfur, first_bread
D:4:      lemuel_coloured_pillars_altar, minmay_temple_entry_glassed_door,
          wad_woods_river_04, minmay_misc_feat_columns,
          minmay_stone_trees_small, led_sif_pool, uniq_robin
D:5:      nicolae_overflow_crystal_walls, uniq_eustachio
D:6:      nicolae_overflow_hidden_temple, enter_ossuary_5
D:7:      kennysheep_mini, the_bakery, lightli_orcish_oven
D:8:      lemuel_doored_altar, fedhas_altar_1, erik_lair_orcish_takeover,
          basic_altar, dk_noncrumbling_4
D:9:      grunt_temple_overflow_cloverleaf, kennysheep_generic_room_11
D:10:     nicolae_ru_path_of_blood
D:11:     minmay_diamond_spiral, uniq_fannar
D:12:     orc_0_dummy, hangedman_incinerator
D:13:     cheibrodos_lost_city_excavation, st_stairs_1
D:14:     david_vaults_2, minmay_misc_feat_hallway
D:15:     grunt_enter_depths_magical_seal, nrook_mini_vaults
Temple:   jpeg_temple_alley_garden_8
Lair:1:   grunt_megastairs_4, lemuel_fruit_fields
Lair:3:   spider_nest_entry_funnel_web, infiniplex_staircase_pool
Lair:4:   minmay_swamp_entry_eels, st_stairs_4, grunt_megastairs_1
Lair:5:   ice2_lemuel
Lair:6:   nicolae_volcano_entry_hallway, grunt_megastairs_5,
          infiniplex_staircase_pool_2
Lair:7:   pond_and_an_island_with_a_cottage, minmay_slime_entry_oklob_enclosed,
          lab_entry_generic, serial_bayou_shore_b, lemuel_fruit_fields,
          serial_bayou_shore_a
Lair:8:   minmay_lair_end_enchanted_forest
Swamp:1:  evilmike_swamp_ruin_wall
Swamp:2:  evilmike_swamp_ruin_house_3, uniq_louise
Swamp:3:  nicolae_swamp_trees_clearing
Swamp:4:  swamp_alternative, uniq_nikola
Spider:2: spiders_nest_scorpion_pit
Spider:3: nicolae_arachne_temple, uniq_roxanne
Spider:4: grunt_spider_rune_parallel, guppyfry_wasp_nest, uniq_mara, uniq_aizul
Orc:1:    serial_shops, shop_coins
Orc:2:    grunt_orc_gardens, grunt_orc_garden, grunt_orc_garden,
          grunt_orc_garden, grunt_orc_garden, portal_ice_cave_entry_ice_beasts
Elf:1:    eino_elf_arrival_shootout, hangedman_elf_represent, hex_medium
Elf:2:    guppyfry_elf_lava, uniq_wiglaf, uniq_saint_roka, uniq_norris
Elf:3:    minmay_elf_hall_spiked, uniq_asterion, uniq_donald
Vaults:1: nicolae_vaults_disjoint_gnomons, nicolae_vaults_big_angled_halls,
          vaults_room_door_hall, nicolae_vaults_sealed_display, v_misc_18,
          vaults_room_pool, serial_shops, nicolae_shop_trees
Vaults:2: hangedman_vaults_stitches, minmay_crypt_entry_necro_gods,
          st_hourglassy, serial_shops, shop
Vaults:3: st_greater_box_1, v_pattern_3, nicolae_vaults_diagonal_hallway_6,
          vaults_mumra_hex, grunt_vaults_focal, hangedman_vaults_river_flow,
          dpeg_vaults_monster_row, vaults_dpeg_diagonal, v_misc_18,
          vaults_room_stairs_pillars
Vaults:4: vaults_room_stairs_pillars, nicolae_vaults_theta,
          nicolae_vaults_puzzle_piece, v_misc_22,
          ontoclasm_vaults_loading_screen, v_misc_9, v_misc_17, v_misc_10,
          v_alt_pattern_4, vaults_mumra_minichess_inversion,
          vaults_room_ringed_pool, nicolae_vaults_yaktaur_gun_rack,
          ontoclasm_vaults_twist
Vaults:5: serial_shops
Crypt:1:  grunt_crypt_arrival_webbed
Crypt:3:  due_elkab, tomb_entry_forgotten_bobbens
Depths:1: serial_shops, shop_fountains, serial_curves, eino_curves_04,
          eino_curves_02, abyss_entry, hell_entry, minmay_misc_feat_encased,
          minmay_misc_feat_x, minivault_10, minmay_misc_feat_nine_boxes
Depths:2: hangedman_cross_stitches, hangedman_abyss_or_decor_passed, hell_entry,
          minmay_room_of_horrors, grunt_megastairs_3
Depths:3: kennysheep_ambush_hall, serial_shops, shop, rand_demon_pan_entry_4,
          grunt_hell_entry_dis_old, hangedman_abyss_or_decor_jellyfish_corner
Depths:4: kennysheep_spiral_hall, rand_demon_pan_entry_9, patterned_corridor,
          serial_shops, shop, hell_entry, abyss_entry_flame_altar, uniq_jorgrun
Depths:5: grunt_zot_entry_bicorn, enter_ziggurat_b, serial_shops, shop,
          abyss_entry_small_statue_room, grunt_hell_horde, tso_altar
Zot:1:    grunt_zot_stairs_mandelzot
Zot:2:    evilmike_crystal_ball_defense, st_stairs_10
Zot:4:    circus_mu, grunt_megastairs_2
Lab:      nicolae_lab_grate_2, nicolae_lab_dead_end, lab_fountain,
          nicolae_lab_statue, labyrinth_skeletal_remains
Ossuary:  ossuary_tomb_2
IceCv:    ice_cave_small_necro

Skill      XL: |  1  2  3  4  5  6  7  8  9 10 11 12 13 14 15 16 17 18 19 20 21 22 23 24 25 26 27 |
---------------+----------------------------------------------------------------------------------+-----
Maces & Flails | 3 4 5 6 7 9 10 11 12 13 14 15 16 17 18 19 20 21 23 | 23.7
Shields        | 4 5 6 8 9 10 11 12 13 14 15 16 17 18 19 20 22 | 22.9
Throwing       | 1 2 3 5 6 7 8 9 10 11 12 13 14 15 16 17 18 | 18.4
Armour         | 4 5 6 7 8 9 10 11 12 13 14 15 16 17 18 19 20 23 | 23.0
Fighting       | 4 6 7 8 9 10 11 12 13 14 15 16 17 18 19 20 23 | 23.2
Dodging        | 1 2 3 5 6 7 8 10 11 12 13 14 15 16 17 18 21 | 21.1
Evocations     | 1 2 3 4 5 6 7 8 9 10 11 12 13 14 15 16 18 | 18.6
Invocations    | 2 4 6 7 8 9 10 | 10.0
Slings         | 4 |  4.5
Spellcasting   | 1 3 |  3.9

Action                   |  1- 3 |  4- 6 |  7- 9 | 10-12 | 13-15 | 16-18 | 19-21 | 22-24 | 25-27 || total
-------------------------+-------+-------+-------+-------+-------+-------+-------+-------+-------++-------
Melee: Flail             |   137 |    43 |       |       |   249 |  1233 |  1677 |  1137 |  1674 ||  6150
       Morningstar       |       |    76 |    46 |       |       |       |       |       |       ||   122
       Mace              |       |       |   358 |   777 |  1636 |   606 |       |       |    11 ||  3388
       Trident           |       |       |       |       |       |     3 |       |       |       ||     3
       War axe           |       |       |       |       |       |    22 |    80 |   376 |    29 ||   507
       Broad axe         |       |       |       |       |       |       |    41 |       |       ||    41
       Eudemon blade     |       |       |       |       |       |       |       |    32 |       ||    32
       Demon whip        |       |       |       |       |       |       |       |       |  1042 ||  1042
       Eveningstar       |       |       |       |       |       |       |       |       |   541 ||   541
 Fire: Hunting sling     |       |       |       |       |       |    30 |       |       |       ||    30
Throw: Tomahawk          |       |     3 |       |    25 |     1 |       |     2 |       |     6 ||    37
       Javelin           |       |     2 |       |    50 |   227 |   113 |    75 |    75 |   455 ||   997
Invok: Heroism           |       |       |       |    28 |    65 |    52 |    56 |    52 |   122 ||   375
       Finesse           |       |       |       |     1 |    10 |    11 |    17 |     6 |    24 ||    69
Evoke: Wand              |       |       |       |     3 |     1 |     4 |     2 |     4 |    13 ||    27
       Box of beasts     |       |       |       |       |       |     2 |       |     1 |     2 ||     5
       Lamp of fire      |       |       |       |       |       |     1 |     1 |     1 |     4 ||     7
       Sack of spiders   |       |       |       |       |       |     1 |       |     1 |       ||     2
       Rod               |       |       |       |       |       |       |       |     3 |    10 ||    13
       Phial of floods   |       |       |       |       |       |       |       |       |     1 ||     1
  Use: Scroll            |       |     4 |     4 |     7 |    17 |    11 |    17 |     8 |    39 ||   107
       Potion            |       |       |     2 |     2 |       |     5 |     5 |     4 |    23 ||    41
 Stab: Distracted        |       |       |       |     1 |       |       |       |       |     2 ||     3
       Confused          |       |       |       |       |       |       |       |       |     2 ||     2
       Invisible         |       |       |       |       |       |       |       |       |     4 ||     4
  Eat: Chunk             |     5 |     6 |    14 |    24 |    51 |    33 |    49 |    36 |    63 ||   281
       Beef jerky        |       |       |     1 |     2 |     1 |     2 |     1 |       |     3 ||    10
       Fruit             |       |       |       |     2 |     6 |    10 |     4 |     5 |    26 ||    53
       Meat ration       |       |       |       |       |       |     1 |       |       |     1 ||     2
       Pizza             |       |       |       |       |       |       |     3 |     2 |     5 ||    10
       Royal jelly       |       |       |       |       |       |       |     1 |       |     1 ||     2
       Bread ration      |       |       |       |       |       |       |       |       |     3 ||     3
